Map: King's Cove LE

Players

DnS

  • Race: Protoss Protoss
  • Spawn Location: 11:00

Serral - Winner!

  • Race: Zerg Zerg
  • League: Grandmaster
  • Spawn Location: 5:00

Event: HomeStory Cup XIX

VOD

Have the link to the VOD?

Description

Time

  • Played on: June 27, 2019, 3:42 p.m.
  • Length: 12:08

All games in this series

Show
View Real Time Build Order
Export as new Build Order

DnS Protoss 

Build Orders: 1 Gate Expand, Archon Immortal, Archon Drop, Dark Templar Rush 

Get SALT Encoding   

  12  0:00  Probe  
  13  0:12  Probe  
  14  0:18  Pylon  
  14  0:24  Probe  
  15  0:32  Probe  
  15  0:38  Gateway  
  15  0:40  Probe  
  16  0:47  Assimilator  
  17  0:51  Probe  
  18  1:03  Probe  
  19  1:15  Probe  
  20  1:25  Nexus  
  20  1:36  Cybernetics Core  
  20  1:39  Probe  
  21  1:47  Assimilator  
  21  1:51  Probe  
  21  1:53  Pylon  
  22  2:02  Adept  
  22  2:03  Probe  
  23  2:15  Probe  
  26  2:18  Twilight Council  
  26  2:24  Stalker, Warp Gate  
  26  2:27  Probe  
  27  2:36  Probe  
  29  2:40  Probe  
  31  2:44  Probe  
  32  2:52  Probe  
  32  2:54  Probe  
  32  2:57  Robotics Facility  
  34  3:02  Probe  
  35  3:06  Probe  
  35  3:11  Probe  
  36  3:18  Probe, Dark Shrine  
  36  3:19  Probe  
  39  3:29  Gateway  
  39  3:30  Probe x2  
  41  3:35  Gateway  
  41  3:36  Warp Prism  
  41  3:38  Gateway  
  43  3:49  Probe  
  43  3:52  Pylon  
  44  3:57  Probe  
  44  3:58  Assimilator  
  44  3:59  Assimilator  
  44  4:01  Probe  
  44  4:02  Warp Prism  
  46  4:07  Pylon  
  46  4:15  Probe  
  46  4:16  Probe  
  50  4:28  Probe x2  
  52  4:38  Dark Templar  
  52  4:39  Dark Templar x3  
  52  4:41  Pylon  
  52  4:43  Archon  
  52  4:44  Archon  
  60  4:46  Probe  
  60  5:21  Pylon  
  60  5:22  Dark Templar  
  60  5:23  Dark Templar x3  
  60  5:27  Archon x2  
  70  5:28  Probe x2  
  70  5:34  Pylon  
  70  5:40  Probe  
  70  5:41  Observer  
  71  5:44  Probe  
  71  5:46  Forge  
  72  5:52  Probe, Nexus  
  72  5:54  Immortal  
  73  6:00  Stalker  
  73  6:01  Probe  
  80  6:14  Protoss Ground Weapons Level 1  
  80  6:15  Probe x2  
  82  6:19  Sentry  
  82  6:21  Charge, Pylon  
  84  6:27  Gateway  
  84  6:28  Gateway  
  84  6:29  Immortal  
  84  6:36  Probe x2  
  90  6:43  Gateway  
  90  6:46  Gateway  
  90  6:51  Sentry x2  
  90  6:53  Pylon  
  94  6:55  Pylon  
  94  6:57  Pylon  
  94  6:59  Immortal, Pylon  
  94  7:04  Probe x2  
  96  7:11  Probe  
  101  7:16  Probe  
  102  7:27  Probe  
  102  7:28  Probe  
  102  7:29  Stalker x3, Photon Cannon  
  100  7:32  Pylon  
  100  7:33  Immortal  
  100  7:34  Stalker  
  100  7:36  Probe  
  107  7:49  Probe x3  
  107  7:50  Pylon  
  109  7:54  Assimilator  
  109  7:55  Dark Templar  
  109  7:56  Assimilator  
  111  7:58  Dark Templar  
  111  8:03  Archon  
  113  8:09  Protoss Ground Weapons Level 2  
  113  8:10  Probe  
  114  8:18  Stalker x3  
  119  8:26  Immortal  
  119  8:31  Zealot x3  
  119  8:32  Zealot x2  
  133  8:48  Pylon  
  133  8:50  Pylon  
  133  8:57  Photon Cannon, Stalker x2  
  133  8:58  Dark Templar  
  133  8:59  Zealot x4, Dark Templar  
  133  9:00  Immortal  
  149  9:03  Archon  
  153  9:19  Photon Cannon  
  153  9:23  Dark Templar  
  155  9:26  Dark Templar  
  155  9:28  Dark Templar x2  
  161  9:33  Archon  
  161  9:38  Immortal  
  161  9:39  Pylon, Nexus  
  161  9:46  Probe x3  
  168  9:59  Stalker  
  170  10:05  Probe x3  
  173  10:10  Assimilator, Templar Archives  
  169  10:15  Assimilator  
  169  10:25  Stalker x3  
  170  10:42  Zealot x2, Dark Templar  
  154  10:51  Zealot x4, Dark Templar  
  155  11:05  Probe x3  
  155  11:06  Probe  
  159  11:17  Probe x2  
  159  11:18  Probe  
  162  11:19  High Templar x3  
  162  11:23  Probe  
  168  11:26  Shield Battery  
  168  11:29  Probe  
  168  11:30  Probe x2  
  171  11:35  Probe  
  171  11:41  Probe  
  171  11:42  Probe x2  
  176  11:48  Probe, High Templar x2  
  165  11:57  Archon x2  
  118  12:01  Dark Templar  
  118  12:02  Zealot x3  
Show
View Real Time Build Order
Export as new Build Order

Serral Zerg - Winner!

Build Orders: Hatch First, Muta Ling Bane 

Get SALT Encoding   

  12  0:00  Drone  
  13  0:12  Overlord  
  13  0:18  Drone  
  14  0:30  Drone  
  14  0:31  Drone  
  16  0:49  Hatchery  
  15  0:52  Drone  
  15  0:56  Drone  
  17  0:59  Drone  
  18  1:10  Extractor  
  17  1:15  Spawning Pool  
  17  1:18  Drone  
  17  1:23  Drone  
  18  1:28  Drone  
  19  1:38  Drone  
  20  1:49  Overlord  
  20  2:02  Queen x2  
  20  2:03  Zergling x2  
  20  2:04  Zergling x2  
  26  2:11  Metabolic Boost  
  26  2:13  Drone  
  27  2:16  Drone  
  27  2:22  Drone  
  29  2:23  Drone  
  30  2:34  Drone  
  30  2:35  Drone  
  32  2:45  Hatchery  
  32  2:48  Overlord  
  31  2:55  Queen  
  33  3:00  Zergling x2  
  33  3:01  Drone  
  33  3:05  Drone  
  36  3:06  Drone  
  36  3:10  Drone x2  
  39  3:13  Drone  
  39  3:14  Drone  
  39  3:18  Drone  
  39  3:19  Drone  
  43  3:21  Drone  
  44  3:30  Overlord  
  44  3:33  Lair  
  44  3:40  Roach Warren  
  43  3:43  Overlord  
  43  3:44  Drone  
  44  3:50  Drone x4  
  44  3:52  Drone  
  44  3:55  Extractor x2  
  48  3:56  Drone  
  48  4:00  Drone x2  
  48  4:01  Drone  
  51  4:06  Overlord  
  51  4:09  Drone x2  
  53  4:12  Overlord  
  53  4:17  Queen  
  53  4:20  Roach  
  53  4:22  Roach  
  59  4:26  Roach  
  59  4:27  Roach  
  63  4:37  Roach x3  
  69  4:39  Overseer  
  69  4:44  Roach x2  
  73  4:47  Overlord  
  73  4:49  Drone x4  
  76  4:53  Overlord  
  76  4:57  Zergling x4  
  78  5:00  Overlord  
  78  5:05  Overlord  
  78  5:06  Overlord  
  78  5:07  Drone  
  78  5:08  Drone  
  78  5:13  Roach  
  78  5:14  Roach  
  79  5:17  Queen  
  81  5:21  Overlord  
  81  5:27  Extractor  
  81  5:28  Spire  
  79  5:31  Drone x2  
  79  5:33  Drone x3  
  83  5:38  Overseer  
  83  5:39  Drone x2  
  84  5:43  Overseer  
  84  5:46  Drone x3  
  87  5:50  Drone x4  
  89  5:57  Roach x2  
  89  6:03  Roach  
  93  6:05  Roach  
  93  6:09  Roach  
  92  6:14  Drone x2  
  92  6:16  Drone  
  92  6:17  Drone x2  
  92  6:18  Drone  
  95  6:19  Drone  
  96  6:31  Overlord  
  94  6:42  Mutalisk x5, Extractor x2  
  102  6:49  Drone x3  
  102  6:51  Queen  
  102  6:53  Mutalisk  
  109  6:56  Drone x5  
  109  7:00  Evolution Chamber  
  113  7:06  Drone x2  
  115  7:14  Overlord  
  115  7:15  Overlord  
  111  7:25  Mutalisk x3  
  111  7:26  Mutalisk  
  115  7:34  Zerg Missile Weapons Level 1  
  115  7:36  Drone  
  116  7:39  Mutalisk  
  116  7:40  Hatchery  
  117  7:44  Roach x6  
  117  7:50  Drone, Baneling Nest  
  129  7:51  Overlord x2  
  129  8:08  Glial Reconstitution  
  129  8:10  Zergling x4  
  129  8:11  Zergling x20  
  129  8:12  Ravager x4  
  144  8:18  Zergling x2  
  144  8:19  Zergling x2  
  146  8:22  Ravager x2  
  146  8:25  Zergling x10  
  151  8:30  Zergling x2  
  151  8:31  Zergling x4  
  150  8:35  Zergling x4  
  150  8:38  Centrifical Hooks  
  150  8:44  Mutalisk  
  150  8:46  Drone x4  
  154  8:50  Drone  
  154  8:51  Evolution Chamber  
  154  8:52  Drone x5  
  159  8:58  Queen  
  159  8:59  Drone  
  159  9:00  Drone  
  159  9:01  Baneling x16  
  163  9:04  Roach x2  
  167  9:10  Overlord x5  
  167  9:13  Overlord  
  167  9:16  Overlord  
  167  9:24  Infestation Pit, Hatchery  
  167  9:26  Overseer  
  167  9:30  Ravager  
  166  9:33  Zerg Missile Weapons Level 2, Zerg Melee Weapons Level 1  
  166  9:35  Zergling x8  
  170  9:42  Zergling x2  
  170  9:43  Zergling x16  
  179  9:50  Zergling x2  
  179  9:51  Zergling x14  
  187  9:56  Zergling x10  
  190  10:10  Zergling x14  
  195  10:16  Drone x2  
  195  10:19  Baneling x12  
  195  10:20  Baneling x2  
  197  10:23  Hive  
  197  10:24  Drone x3  
  169  10:52  Zergling x6  
  169  10:53  Zergling x30  
  175  11:03  Drone x2  
  174  11:04  Zergling x22  
  185  11:15  Drone x2  
  187  11:19  Baneling x32  
  187  11:20  Baneling  
  187  11:24  Zergling x12  
  187  11:25  Zergling x10  
  198  11:29  Baneling x7  
  198  11:33  Overseer  
Tags
 
Add a new tag
Caveats
  • Supply blocks, unpowered buildings, or Contaminate may cause inaccurate times.
  • Supply counts are checked every 10 seconds.